 Dungeon Crawl Stone Soup version 0.18.1-8-gdd0e5ea (webtiles) character file.

25 raph the Chiller (level 3, 0/24 HPs)
             Began as a Merfolk Ice Elementalist on June 6, 2016.
             Slain by a worm (9 damage)
             ... on level 1 of the Dungeon.
             The game lasted 00:03:39 (2223 turns).

raph the Chiller (Merfolk Ice Elementalist)         Turns: 2223, Time: 00:03:40

Health: 0/24       AC:  2    Str:  9    XL:     3   Next: 4%
Magic:  1/6        EV: 13    Int: 14    God:
Gold:   58         SH:  0    Dex: 14    Spells: 2 memorised, 3 levels left

rFire  . . .     SeeInvis .     o - +0 short sword
rCold  . . .     Gourm    .     a - +0 robe
rNeg   . . .     Faith    .     (no shield)
rPois  .         Spirit   .     (no helmet)
rElec  .         Dismiss  .     (no cloak)
rCorr  .         Reflect  .     (no gloves)
SustAt .         Harm     .     (no boots)
MR     .....                    (no amulet)
Stlth  ++........               (no ring)
                                (no ring)

@: drained, not resistant to hostile enchantments, unstealthy
A: change form in water, swift swim
a: no special abilities


You were on level 1 of the Dungeon.
You were hungry.

You visited 1 branch of the dungeon, and saw 2 of its levels.

You collected 58 gold pieces.

Inventory:

Hand Weapons
 o - a +0 short sword (weapon)
Armour
 a - a +0 robe (worn)
Scrolls
 e - a scroll of recharging {unknown}
 g - a scroll of identify
 j - a scroll of enchant weapon {unknown}
 m - a scroll of fog {unknown}
 n - a scroll of remove curse
 q - a scroll of immolation {unknown}
Potions
 f - a potion of curing
 i - 2 potions of resistance {unknown}
 k - a potion of magic {unknown}
 l - a potion of mutation {unknown}
Books
 b - a book of Frost

   Spells                             Type                      Level
   a - Freeze                         Ice                          1
   b - Throw Frost                    Conjuration/Ice              2
   c - Ozocubu's Armour               Charms/Ice                   3
   d - Throw Icicle                   Conjuration/Ice              4
   e - Summon Ice Beast               Ice/Summoning                4
Comestibles
 c - 3 bread rations
 d - a meat ration
 h - 3 fruits


   Skills:
 + Level 3.2(2.4) Dodging
 + Level 2.6(1.8) Stealth
 + Level 2.3(1.5) Spellcasting
 - Level 0.7(0.0) Conjurations
 * Level 3.6(2.7) Ice Magic


You had 3 spell levels left.
You knew the following spells:

 Your Spells              Type           Power        Failure   Level  Hunger
a - Freeze                Ice            #...         10%         1    ##.....
b - Throw Frost           Conj/Ice       #.....       24%         2    ###....


Dungeon Overview and Level Annotations

Branches:
Dungeon (2/15)

Altars:


Message History

The worm is severely wounded.
The worm bites you.
You open the door.
There is an open door here.
Casting: Freeze
Confirm with . or Enter, or press ? or * to list all spells.
Aiming: Freeze
Press: ? - help, Shift-Dir - straight line, f/p - worm
Aim: a worm (heavily wounded)
You freeze the worm.
The worm is severely wounded.
You are feeling hungry.
The worm bites you.
You hit the worm.
The worm is severely wounded.
You barely miss the worm.
The worm is severely wounded.
The worm bites you. The worm bites you!
You die...

.##.........^......# #......#
.##................# #......#
>.'................# ########
###................#
#................#
####'#.........#'###
.....#######'###.# # .....#
#..##w# # ########## ##.##@######
##### # .........# #..#......#
#...# #
.........#####.#......#####...###
......................+...'....##
.........######.......#####....##
.........#...##.......# #......#.
.........#.#.##..########.###..#.
.###'###.#.#..............# #..#.
.# #.# #.#.♣.♣#..#######'####..##


You could see a worm.

Vanquished Creatures
  A dart slug (D:1)
  3 bats
  3 giant cockroaches
  6 hobgoblins
  3 giant newts
  2 goblins (D:2)
  2 kobolds (D:2)
  A rat (D:2)
21 creatures vanquished.

Vanquished Creatures (others)
  A goblin (D:1)
1 creature vanquished.

Grand Total: 22 creatures vanquished

Notes
Turn   | Place    | Note
--------------------------------------------------------------
     0 | D:1      | raph the Merfolk Ice Elementalist began the quest for the Orb.
     0 | D:1      | Reached XP level 1. HP: 13/13 MP: 3/3
   795 | D:1      | Reached XP level 2. HP: 12/19 MP: 1/5
   904 | D:1      | Learned a level 2 spell: Throw Frost
  1961 | D:2      | Reached XP level 3. HP: 24/24 MP: 0/6
  2223 | D:1      | Slain by a worm

Skill      XL: |  1  2 |
---------------+-------+-----
Dodging        | 3 |  3.2
Stealth        | |  2.6
Spellcasting   | |  2.3
Conjurations   | |  0.7
Ice Magic      | |  3.6

Action                   || total
-------------------------++-------
Melee: Dagger            ||     1
       Short sword       ||    13
 Cast: Freeze            ||    39
       Throw Frost       ||     4
  Use: Scroll            ||     2
  Eat: Chunk             ||     5
Armor: Robe              ||    11
Dodge: Dodged            ||    30
